 Dungeon Sprint DCSS version 0.28-a0-1213-g0243856f03 (webtiles) character file.

Game seed: 15055742204400306195

2275 rocky1 the Blocker (level 9, -40/105 HPs)
             Began as a Gnoll Fighter on Dec 22, 2021.
             Was a High Priest of Okawaru.
             Killed from afar by a fire dragon (42 damage)
             ... with a blast of flame
             ... in the Dungeon (Sprint VII: "The Pits").
             The game lasted 00:05:45 (1597 turns).

rocky1 the Blocker (Gnoll Fighter)                  Turns: 1597, Time: 00:05:45

Health: -40/105    AC: 19    Str: 19    XL:     9   Next: 39%
Magic:  20/20      EV:  9    Int:  7    God:    Okawaru [*****.]
Gold:   0          SH:  6    Dex: 13    Spells: 23/23 levels left

rFire   . . .      SeeInvis .   p - +2 war axe (vorpal)
rCold   . . .      Faith    .   c - +0 buckler
rNeg    . . .      Spirit   .   t - +3 plate armour
rPois   .          Reflect  .   (helmet restricted)
rElec   .          Harm     .   (no cloak)
rCorr   .          Rampage  .   (no gloves)
Will    +....      NoTele   +   s - +0 pair of boots
Stlth   ..........              (no amulet)
HPRegen 0.27/turn               (no ring)
MPRegen 0.17/turn               (no ring)

@: berserking (expiring), very quick
A: fangs 1, strong nose, distributed training, horns 1, frail 1, strong-willed
1, sense surroundings 1
a: Renounce Religion, Heroism, Finesse


You were in the Dungeon.
You worshipped Okawaru.
Okawaru was extremely pleased with you.
You visited 1 branch

Inventory:

Hand Weapons
 p - a +2 vorpal war axe (weapon)
 q - a +2 scimitar of flaming
 r - a +2 rapier of venom
Armour
 c - a +0 buckler (worn)
 s - a +0 pair of boots (worn)
 t - a +3 plate armour (worn)
Jewellery
 b - a +3 ring of evasion
 n - a +3 ring of dexterity
Scrolls
 j - a scroll of blinking
 l - 5 scrolls of amnesia
Potions
 d - 2 potions of might
 e - 6 potions of curing
 f - 10 potions of heal wounds
 g - 2 potions of haste
 h - 4 potions of magic
 i - 2 potions of berserk rage
 k - 2 potions of invisibility
 o - a potion of brilliance


   Skills:
 + Level 10.1 Fighting
 + Level 7.6 Short Blades
 + Level 7.6 Long Blades
 + Level 9.0 Axes
 + Level 7.6 Maces & Flails
 + Level 7.6 Polearms
 + Level 7.6 Staves
 + Level 7.6 Slings
 + Level 7.6 Bows
 + Level 7.6 Crossbows
 + Level 7.6 Throwing
 + Level 10.1 Armour
 + Level 7.6 Dodging
 + Level 7.6 Stealth
 + Level 10.1 Shields
 + Level 7.6 Unarmed Combat
 + Level 7.6 Spellcasting
 + Level 6.3 Conjurations
 + Level 6.3 Hexes
 + Level 6.3 Summonings
 + Level 6.3 Necromancy
 + Level 6.3 Translocations
 + Level 6.3 Transmutations
 + Level 6.3 Fire Magic
 + Level 6.3 Ice Magic
 + Level 6.3 Air Magic
 + Level 6.3 Earth Magic
 + Level 6.3 Poison Magic
 + Level 8.3 Invocations
 + Level 7.6 Evocations


You had 23 spell levels left.
You didn't know any spells.
Your spell library was empty.

Dungeon Overview and Level Annotations

Branches:
Dungeon (1/1)

Altars:
Ashenzari
Cheibriados
Dithmenos
Elyvilon
Fedhas
Gozag
Hepliaklqana
Kikubaaqudgha
Makhleb
Nemelex Xobeh
Okawaru
Qazlal
Ru
Sif Muna
Trog
Uskayaw
Vehumet
Wu Jian
Xom
Yredelemnul
Zin
The Shining One
Beogh
Jiyva
Lugonu


Innate Abilities, Weirdness & Mutations

You have very sharp teeth.
Your uncanny sense of smell can sniff out nearby items.
Your experience applies equally to all skills.
You have a pair of small horns on your head.
You are frail. (-10% HP)
You are strong-willed. (Will+)
You passively map a small area around you.


Message History

A red film seems to cover your vision as you go berserk!
You feel yourself moving faster!
You feel mighty! The earth elemental hits you!
The fire dragon breathes flames at you. The blast of flame hits you!!
* * * LOW HITPOINT WARNING * * *
You barely miss the fire dragon. Your bite misses the fire dragon.
You hit the earth elemental. You hit the fire dragon. You bite the fire dragon!
The fire dragon is lightly wounded.
You slash the earth elemental!
You destroy the earth elemental!
Okawaru accepts your kill. The fire dragon barely misses you.
The fire dragon claws you.
* * * LOW HITPOINT WARNING * * *
You block the fire dragon's attack.
Your Axes skill increases to level 9!
You slash the fire dragon! You headbutt the fire dragon!
The fire dragon is moderately wounded.
The fire dragon bites you!
* * * LOW HITPOINT WARNING * * *
The fire dragon claws you but does no damage.
You block the fire dragon's attack.
You barely miss the fire dragon. Your headbutt misses the fire dragon.
The fire dragon is moderately wounded.
You hit the fire dragon but do no damage.
The fire dragon is moderately wounded.
The fire dragon bites you but does no damage.
The fire dragon barely misses you. You block the fire dragon's attack.
You slash the fire dragon!
The fire dragon is heavily wounded.
The fire dragon bites you!
* * * LOW HITPOINT WARNING * * *
The fire dragon completely misses you.
The fire dragon tramples you but does no damage.
Your plate armour prevents you from hitting the fire dragon.
Your bite misses the fire dragon.
The fire dragon is heavily wounded.
The fire dragon breathes flames at you. The blast of flame hits you!!!
You die...

, , , * , ,, ,
*, , , , , ,
,,,, , , , , ,
, , *+ ** *
#++##########
,,
#............ *
* *
*#....@D......
, , * *∆∆+
#..########## *
,* ∆* #..#∆∆+
∆∆ , , * ∆∆+,
#..#∆∆* ∆∆ ###*
,∆ *#..#** ,
..# + , #..# ,
, ..# , #..# ,,
,,, ..# * *#..#
, ,
..##########÷.#
*


You could see a fire dragon (catching breath).

Vanquished Creatures
  A flayed ghost (D)
  A guardian serpent (D)
  A polar bear (D)
  A snapping turtle (D)
  4 vampire mosquitoes (D)
  A water moccasin (D)
  A floating eye (D)
  A black bear (D)
  An earth elemental (D)
  A scorpion (D)
  2 jellies (D)
  An iguana (D)
  A gnoll (D)
  An adder (D)
  A river rat (D)
  A worm (D)
  An orc (D)
  2 ball pythons (D)
  A bat (D)
  A bat skeleton (D)
  A bat zombie (D)
  An endoplasm (D)
  A giant cockroach (D)
  6 jackals (D)
  A quokka (D)
  A ball python zombie (D)
  A kobold (D)
37 creatures vanquished.

Notes
Turn   | Place    | Note
-------+----------+-------------------------------------------
     0 | D        | rocky1 the Gnoll Fighter began the quest for the Orb.
     0 | D        | Reached XP level 1. HP: 23/23 MP: 1/1
    20 | D        | Found a bloodstained altar of Trog.
    20 | D        | Found a shimmering blue altar of Sif Muna.
    20 | D        | Found a viscous altar of Jiyva.
    20 | D        | Found a hazy altar of Hepliaklqana.
    20 | D        | Found an opulent altar of Gozag.
    21 | D        | Found a glowing golden altar of the Shining One.
    21 | D        | Found a glowing silver altar of Zin.
    21 | D        | Found a basalt altar of Yredelemnul.
    21 | D        | Found a shimmering altar of Xom.
    21 | D        | Found an ornate altar of the Wu Jian Council.
    21 | D        | Found a sacrificial altar of Ru.
    21 | D        | Found a stormy altar of Qazlal.
    21 | D        | Found an iron altar of Okawaru.
    21 | D        | Found a sparkling altar of Nemelex Xobeh.
    21 | D        | Found a burning altar of Makhleb.
    21 | D        | Found a blossoming altar of Fedhas.
    21 | D        | Found a white marble altar of Elyvilon.
    21 | D        | Found a shadowy altar of Dithmenos.
    21 | D        | Found a snail-covered altar of Cheibriados.
    23 | D        | Found a radiant altar of Vehumet.
    23 | D        | Found a corrupted altar of Lugonu.
    24 | D        | Found a hide-covered altar of Uskayaw.
    24 | D        | Found an ancient bone altar of Kikubaaqudgha.
    24 | D        | Found a broken altar of Ashenzari.
    29 | D        | Became a worshipper of Warmaster Okawaru
    70 | D        | Reached skill level 1 in Short Blades
    70 | D        | Reached skill level 1 in Long Blades
    70 | D        | Reached skill level 1 in Maces & Flails
    70 | D        | Reached skill level 1 in Polearms
    70 | D        | Reached skill level 1 in Staves
    70 | D        | Reached skill level 1 in Slings
    70 | D        | Reached skill level 1 in Bows
    70 | D        | Reached skill level 1 in Crossbows
    70 | D        | Reached skill level 1 in Throwing
    70 | D        | Reached skill level 1 in Dodging
    70 | D        | Reached skill level 1 in Stealth
    70 | D        | Reached skill level 1 in Unarmed Combat
    70 | D        | Reached skill level 1 in Spellcasting
    70 | D        | Reached skill level 1 in Conjurations
    70 | D        | Reached skill level 1 in Hexes
    70 | D        | Reached skill level 1 in Summonings
    70 | D        | Reached skill level 1 in Necromancy
    70 | D        | Reached skill level 1 in Translocations
    70 | D        | Reached skill level 1 in Transmutations
    70 | D        | Reached skill level 1 in Fire Magic
    70 | D        | Reached skill level 1 in Ice Magic
    70 | D        | Reached skill level 1 in Air Magic
    70 | D        | Reached skill level 1 in Earth Magic
    70 | D        | Reached skill level 1 in Poison Magic
    70 | D        | Reached skill level 1 in Invocations
    70 | D        | Reached skill level 1 in Evocations
    70 | D        | Reached XP level 2. HP: 25/29 MP: 1/3
   296 | D        | Reached XP level 3. HP: 26/35 MP: 5/5
   323 | D        | HP: 1/35 [adder (1)]
   327 | D        | Reached skill level 5 in Axes
   426 | D        | Noticed a floating eye
   427 | D        | Noticed a black bear
   428 | D        | Paralysed by a floating eye for 2 turns
   433 | D        | Paralysed by a floating eye for 4 turns
   440 | D        | Killed a floating eye
   440 | D        | Reached * piety under Okawaru
   441 | D        | Reached XP level 4. HP: 31/43 MP: 7/9
   441 | D        | Reached XP level 5. HP: 35/48 MP: 7/10
   454 | D        | Killed a black bear
   455 | D        | Reached XP level 6. HP: 21/56 MP: 6/12
   820 | D        | Reached skill level 5 in Invocations
   948 | D        | Noticed a water moccasin
   948 | D        | Noticed a snapping turtle
   957 | D        | Killed a water moccasin
   957 | D        | Reached ** piety under Okawaru
   958 | D        | Reached skill level 5 in Short Blades
   958 | D        | Reached skill level 5 in Long Blades
   958 | D        | Reached skill level 5 in Maces & Flails
   958 | D        | Reached skill level 5 in Polearms
   958 | D        | Reached skill level 5 in Staves
   958 | D        | Reached skill level 5 in Slings
   958 | D        | Reached skill level 5 in Bows
   958 | D        | Reached skill level 5 in Crossbows
   958 | D        | Reached skill level 5 in Throwing
   958 | D        | Reached skill level 5 in Dodging
   958 | D        | Reached skill level 5 in Stealth
   958 | D        | Reached skill level 5 in Unarmed Combat
   958 | D        | Reached skill level 5 in Spellcasting
   958 | D        | Reached skill level 5 in Evocations
   958 | D        | Reached XP level 7. HP: 63/63 MP: 11/14
   977 | D        | Killed a snapping turtle
  1012 | D        | Gained mutation: You passively map a small area around you.
                  | [potion of mutation]
  1012 | D        | Gained mutation: You are frail. (-10% HP) [potion of
                  | mutation]
  1012 | D        | Gained mutation: You are strong-willed. (Will+) [potion of
                  | mutation]
  1012 | D        | Gained mutation: You have a pair of small horns on your
                  | head. [potion of mutation]
  1280 | D        | Noticed a polar bear
  1280 | D        | Noticed a flayed ghost
  1290 | D        | Killed a polar bear
  1290 | D        | Reached *** piety under Okawaru
  1291 | D        | Reached skill level 5 in Conjurations
  1291 | D        | Reached skill level 5 in Hexes
  1291 | D        | Reached skill level 5 in Summonings
  1291 | D        | Reached skill level 5 in Necromancy
  1291 | D        | Reached skill level 5 in Translocations
  1291 | D        | Reached skill level 5 in Transmutations
  1291 | D        | Reached skill level 5 in Fire Magic
  1291 | D        | Reached skill level 5 in Ice Magic
  1291 | D        | Reached skill level 5 in Air Magic
  1291 | D        | Reached skill level 5 in Earth Magic
  1291 | D        | Reached skill level 5 in Poison Magic
  1291 | D        | Reached XP level 8. HP: 37/63 MP: 14/17
  1293 | D        | Killed a flayed ghost
  1318 | D        | Noticed a guardian serpent
  1323 | D        | Reached **** piety under Okawaru
  1328 | D        | Reached XP level 9. HP: 31/70 MP: 17/19
  1333 | D        | Killed a guardian serpent
  1333 | D        | Reached ***** piety under Okawaru
  1334 | D        | Reached skill level 10 in Fighting
  1334 | D        | Reached skill level 10 in Armour
  1334 | D        | Reached skill level 10 in Shields
  1580 | D        | Noticed a fire dragon
  1596 | D        | HP: 2/105 [fire dragon (11)]
  1597 | D        | Killed from afar by a fire dragon

Illustrated notes

Levels and vault maps discovered:
D:        pitsprint [storerooms_1, entrance_room_1, metal_vault_6, armoury_2,
          mini_pit_1, grid_room_1, main_hall_1, silver_pit, the_coven_2,
          the_vestibule_1, steel_vault_5, golden_pit, hallway_of_sentries,
          crystal_vault_5, iron_vault_1, final_vault]

Skill      XL: |  1  2  3  4  5  6  7  8  9 |
---------------+----------------------------+-----
Short Blades   | 1 3 4 5 6 7 |  7.6
Long Blades    | 1 3 4 5 6 7 |  7.6
Maces & Flails | 1 3 4 5 6 7 |  7.6
Polearms       | 1 3 4 5 6 7 |  7.6
Staves         | 1 3 4 5 6 7 |  7.6
Slings         | 1 3 4 5 6 7 |  7.6
Bows           | 1 3 4 5 6 7 |  7.6
Crossbows      | 1 3 4 5 6 7 |  7.6
Throwing       | 1 3 4 5 6 7 |  7.6
Dodging        | 1 3 4 5 6 7 |  7.6
Stealth        | 1 3 4 5 6 7 |  7.6
Unarmed Combat | 1 3 4 5 6 7 |  7.6
Spellcasting   | 1 3 4 5 6 7 |  7.6
Conjurations   | 1 2 3 4 5 6 |  6.3
Hexes          | 1 2 3 4 5 6 |  6.3
Summonings     | 1 2 3 4 5 6 |  6.3
Necromancy     | 1 2 3 4 5 6 |  6.3
Translocations | 1 2 3 4 5 6 |  6.3
Transmutations | 1 2 3 4 5 6 |  6.3
Fire Magic     | 1 2 3 4 5 6 |  6.3
Ice Magic      | 1 2 3 4 5 6 |  6.3
Air Magic      | 1 2 3 4 5 6 |  6.3
Earth Magic    | 1 2 3 4 5 6 |  6.3
Poison Magic   | 1 2 3 4 5 6 |  6.3
Invocations    | 1 3 4 5 6 7 8 |  8.3
Evocations     | 1 3 4 5 6 7 |  7.6
Axes           | 5 6 7 8 9 |  9.0
Fighting       | 7 8 9 10 | 10.1
Armour         | 7 8 9 10 | 10.1
Shields        | 7 8 9 10 | 10.1

Action                   |  1- 3 |  4- 6 |  7- 9 || total
-------------------------+-------+-------+-------++-------
Melee: War axe           |    40 |       |    37 ||    77
       Bite              |     7 |     8 |     5 ||    20
       Hand axe          |     4 |    64 |    19 ||    87
       Headbutt          |       |       |     8 ||     8
Invok: Heroism           |       |     2 |     2 ||     4
  Use: Potion            |     1 |     1 |     3 ||     5
Armor: Scale mail        |    46 |       |       ||    46
       Chain mail        |       |    18 |     1 ||    19
       Plate armour      |       |       |    27 ||    27
Dodge: Dodged            |    37 |    21 |    36 ||    94
Block: Buckler           |    31 |    19 |    22 ||    72

Table legend: (Time is in decaauts)
 A = Elapsed time spent in this place.
 B = Non-inter-level travel time spent in this place.
 C = Inter-level travel time spent in this place.
 D = Time resting spent in this place.
 E = Time spent auto-exploring this place.
 F = Levels seen in this place.
 G = Mean time per level.
                   A        B        C        D        E       F      G
               +--------+--------+--------+--------+--------+-----+--------+
         Total |   1593 |   1518 |     75 |   1024 |      0 |   1 | 1593.0 |
       Dungeon |   1593 |   1518 |     75 |   1024 |      0 |   1 | 1593.0 |
               +--------+--------+--------+--------+--------+-----+--------+

Top non-repeatable levels by time:
       D: 1593 daAuts
